 Dungeon Crawl Stone Soup version 0.17.1-1-g73c8601 (webtiles) character file.

2766 lucasterio the Basher (level 9, -9/94 HPs)
             Began as a Demonspawn Berserker on Dec 22, 2015.
             Was a High Priest of Trog.
             Mangled by an orc warrior
             ... wielding a +0 scimitar
              (20 damage)
             ... on level 7 of the Dungeon on Dec 23, 2015.
             The game lasted 00:24:41 (6879 turns).

lucasterio the Basher (Demonspawn Berserker)        Turns: 6879, Time: 00:24:42

Health: -9/94      AC: 14    Str: 26    XL:     9   Next: 42%
Magic:  9/9        EV: 11    Int:  8    God:    Trog [*****.]
Gold:   328        SH:  0    Dex: 13    Spells: 0 memorised, 8 levels left

rFire  . . .     SeeInvis .     x - +2 flail
rCold  . . .     Clarity  .     G - +0 scale mail
rNeg   . . .     SustAt   .     (no shield)
rPois  .         Gourm    .     O - +0 helmet
rElec  .         Spirit   .     (no cloak)
rCorr  .         Warding  .     (gloves unavailable)
rMut   .         Stasis   .     r - +0 pair of boots
MR     .....                    z - amulet of faith
Stlth  ..........               (no ring)
                                n - ring of flight

@: berserking, very quick, not resistant to hostile enchantments, extremely
unstealthy
A: claws 3, iridescent scales 1, demonic guardian 1
a: Berserk, Trog's Hand, Brothers in Arms, Burn Spellbooks, Renounce Religion,
Evoke Flight


You were on level 7 of the Dungeon.
You worshipped Trog.
Trog was extremely pleased with you.
You were very hungry.

You visited 1 branch of the dungeon, and saw 7 of its levels.

You collected 328 gold pieces.

Inventory:

Hand Weapons
 p - a +0 hunting sling
 x - a +2 flail (weapon)
 E - a +2 morningstar
Missiles
 e - 158 stones (quivered)
 s - 16 exploding sling bullets
 L - 55 sling bullets
Armour
 m - a +0 chain mail
 q - a +2 pair of gloves
 r - a +0 pair of boots (worn)
 G - a +0 scale mail (worn)
 H - a +1 leather armour of cold resistance
 O - a +0 helmet (worn)
Jewellery
 n - a ring of flight (left claw)
 z - an amulet of faith (around neck)
 M - an uncursed ring of protection from magic {unknown}
Wands
 v - a wand of polymorph (8)
 U - a wand of random effects (25)
Scrolls
 d - 2 scrolls of enchant armour {unknown}
 h - 2 scrolls of noise {unknown}
 l - 2 scrolls of immolation {unknown}
 t - a scroll of fog {unknown}
 u - 2 scrolls of enchant weapon {unknown}
 y - 4 scrolls of remove curse
 B - a scroll of magic mapping {unknown}
 K - 2 scrolls of teleportation {unknown}
 P - a scroll of fear {unknown}
 T - a scroll of recharging {unknown}
 V - a scroll of vulnerability {unknown}
Potions
 b - 2 potions of haste {unknown}
 g - a potion of cancellation {unknown}
 i - 2 potions of curing
 j - a potion of heal wounds {unknown}
 k - a potion of might
 w - 2 potions of magic {unknown}
 A - 2 potions of lignification {unknown}
 D - a potion of mutation
 F - a potion of berserk rage {unknown}
 I - a potion of agility {unknown}
 J - a potion of resistance {unknown}
 R - a potion of flight
Miscellaneous
 a - a plain deck of defence
Comestibles
 c - 5 bread rations
 f - 3 beef jerkies
 o - 5 meat rations
 C - a slice of pizza
 N - 14 fruits


   Skills:
 - Level 3.0 Fighting
 * Level 10.1 Maces & Flails
 + Level 7.0 Armour
 - Level 1.7 Dodging


You had 8 spell levels left.
You didn't know any spells.

Dungeon Overview and Level Annotations

Branches:
Dungeon (7/15)             Temple (0/1) D:7

Altars:
Ashenzari
Fedhas
Gozag
Kikubaaqudgha
Nemelex Xobeh
Trog
Yredelemnul


Innate Abilities, Weirdness & Mutations

You have claws for hands.
You are partially covered in iridescent scales (AC +4).
A weak demonic guardian rushes to your aid.


Message History

You see here a stone.
Your ufetubus closely misses the orc warrior.
Your ufetubus hits the orc warrior but does no damage.
The kobold throws a stone.
The stone misses your ufetubus. The stone barely misses you.
The orc priest misses your ufetubus.
You see here a grey potion.
A red film seems to cover your vision as you go berserk!
You feel yourself moving faster!
You feel mighty!
You are feeling very hungry.
Your ufetubus hits the orc warrior but does no damage. x2
The orc warrior hits you with a scimitar.
* * * LOW HITPOINT WARNING * * *
The kobold throws a stone.
The stone barely misses you.
The orc priest barely misses your ufetubus.
You sock the orc warrior!
The orc warrior is severely wounded.
Your ufetubus hits the orc warrior. Your ufetubus misses the orc warrior.
The kobold throws a stone.
The stone hits you but does no damage.
The orc warrior hits you with a scimitar!!
You die...

#...........# ##
#...........#
...##..<((..?...#
...........(....#
...P.P...)......####
....>......)#......#
>..P.P......)K.#...#
...........#)......#
......(@o5.#.#.#...+
...###+###o#.#.#...#####
.. #.###.#K#..........
.....#K#.(........
.....#.#...###.#
##K.#(##.......
#.((..#.#.#...
#.#.K##.#.....
#.#..(..).....


You could see an orc warrior, an orc priest, a kobold and a friendly ufetubus.

Vanquished Creatures
  The ghost of DEFE the Cutter, a novice DEFi (D:5)
  Grinder (D:3)
  3 ogres
  A sky beast (D:7)
  A black bear (D:7)
  2 ice beasts
  2 phantoms
  A giant frog (D:6)
  A big kobold (D:7)
  Dowan (D:6)
  3 scorpions
  3 wights (D:6)
  A crimson imp (D:7)
  3 jellies
  3 orc priests
  2 hounds (D:4)
  Jessica (D:3)
  A giant frog skeleton (D:6)
  6 worker ants
  2 iguanas (D:4)
  An orc wizard (D:4)
  A killer bee zombie (D:6)
  A hound zombie (D:6)
  10 adders
  2 shadow imps
  2 oozes
  An adder zombie (D:6)
  10 worms
  5 giant geckos
  16 orcs
  6 bats
  8 giant cockroaches
  8 goblins
  4 hobgoblins
  14 jackals
  4 quokkas
  A giant gecko skeleton (D:4)
  4 giant newts
  12 kobolds
  9 rats
158 creatures vanquished.

Vanquished Creatures (collateral kills)
  A hungry ghost (D:6)
  Duvessa (D:6)
  4 ogres
  2 hounds
  A quokka (D:7)
  A jackal skeleton (D:5)
  A kobold (D:7)
11 creatures vanquished.

Grand Total: 169 creatures vanquished

Notes
Turn   | Place    | Note
--------------------------------------------------------------
     0 | D:1      | lucasterio the Demonspawn Berserker began the quest for the Orb.
     0 | D:1      | Reached XP level 1. HP: 18/18 MP: 1/1
   137 | D:1      | Found a shattered altar of Ashenzari.
   174 | D:1      | Gained mutation: You have sharp fingernails. [demonic ancestry]
   174 | D:1      | Reached XP level 2. HP: 22/24 MP: 2/2
   871 | D:2      | Reached ** piety under Trog
   871 | D:2      | Reached XP level 3. HP: 13/29 MP: 3/3
  1490 | D:2      | Found an opulent altar of Gozag.
  1710 | D:2      | Reached XP level 4. HP: 26/35 MP: 4/4
  1731 | D:2      | Reached skill level 4 in Maces & Flails
  2581 | D:3      | Gained mutation: You have very sharp fingernails. [demonic ancestry]
  2581 | D:3      | Reached XP level 5. HP: 38/41 MP: 5/5
  2731 | D:3      | Noticed Grinder
  2748 | D:3      | Killed Grinder
  2748 | D:3      | Reached skill level 5 in Maces & Flails
  2748 | D:3      | Gained mutation: You are partially covered in iridescent scales (AC +4). [demonic ancestry]
  2748 | D:3      | Reached XP level 6. HP: 41/47 MP: 6/6
  2829 | D:3      | Noticed Jessica
  2837 | D:3      | Killed Jessica
  2914 | D:3      | Reached *** piety under Trog
  3058 | D:3      | Found a bloodstained altar of Trog.
  3137 | D:3      | Found a basalt altar of Yredelemnul.
  3464 | D:4      | Reached skill level 6 in Maces & Flails
  3631 | D:4      | Gained mutation: A weak demonic guardian rushes to your aid. [demonic ancestry]
  3631 | D:4      | Reached XP level 7. HP: 35/52 MP: 7/7
  3886 | D:4      | Reached **** piety under Trog
  3998 | D:4      | Found an ancient bone altar of Kikubaaqudgha.
  4000 | D:4      | Found a blossoming altar of Fedhas.
  4250 | D:4      | Reached skill level 7 in Maces & Flails
  4418 | D:5      | Entered Level 5 of the Dungeon
  4643 | D:5      | Reached skill level 5 in Armour
  4859 | D:5      | Reached XP level 8. HP: 45/58 MP: 8/8
  4903 | D:5      | Noticed DEFE's ghost (novice DEFi)
  4916 | D:5      | Killed DEFE's ghost
  4916 | D:5      | Reached skill level 8 in Maces & Flails
  5423 | D:5      | Reached ***** piety under Trog
  5660 | D:6      | Found Tomadyr's Food Shop.
  5683 | D:6      | Noticed Duvessa
  5705 | D:6      | Reached skill level 9 in Maces & Flails
  5713 | D:6      | Noticed Dowan
  5713 | D:6      | Killed Duvessa
  5722 | D:6      | Killed Dowan
  5852 | D:6      | Found a sparkling altar of Nemelex Xobeh.
  5957 | D:6      | Gained mutation: You have claws for hands. [demonic ancestry]
  5957 | D:6      | Reached XP level 9. HP: 61/63 MP: 9/9
  6808 | D:6      | Reached skill level 10 in Maces & Flails
  6837 | D:7      | Found a staircase to the Ecumenical Temple.
  6879 | D:7      | Mangled by an orc warrior

Action                   |  1- 3 |  4- 6 |  7- 9 || total
-------------------------+-------+-------+-------++-------
Melee: Mace              |   184 |   253 |   275 ||   712
       Unarmed           |       |     4 |       ||     4
       Flail             |       |       |   140 ||   140
Invok: Berserk           |     1 |     3 |     5 ||     9
       Burn Spellbooks   |       |       |     2 ||     2
  Use: Scroll            |       |       |     5 ||     5
       Potion            |       |       |     2 ||     2
 Stab: Sleeping          |     1 |       |       ||     1
       Distracted        |       |       |     4 ||     4
  Eat: Chunk             |     4 |    10 |    12 ||    26
       Royal jelly       |       |       |     1 ||     1
